 Seeded DCSS version 0.30.1-9-gdf580d7c3d (webtiles) character file.

Game seed: 9106806156630997546 (custom seed)

16 Psyclone the Conjurer (level 2, -3/15 HPs)
             Began as a Deep Elf Conjurer on Oct 9, 2023.
             Succumbed to a scorpion's poison
             ... on level 5 of the Dungeon.
             The game lasted 00:03:00 (424 turns).

Psyclone the Conjurer (Deep Elf Conjurer)            Turns: 424, Time: 00:03:01

Health: -3/15      AC:  2    Str:  4    XL:     2   Next: 37%
Magic:  2/8        EV: 12    Int: 22    God:
Gold:   110        SH:  0    Dex: 13    Spells: 4/7 levels left

rFire   . . .        c - +0 short sword
rCold   . . .        (no shield)
rNeg    . . .        a - +0 robe
rPois   .            (no helmet)
rElec   .            (no cloak)
rCorr   .            (no gloves)
SInv    .            (no boots)
Will    .....        (no amulet)
Stlth   ++           (no ring)
HPRegen 0.22/turn    (no ring)
MPRegen 0.11/turn

%: no passive effects
@: lethally poisoned (-3 -> -32), very slightly contaminated
A: no striking features
a: no special abilities


You were on level 5 of the Dungeon.
You visited 1 branch of the dungeon, and saw 5 of its levels.

You collected 110 gold pieces.

Inventory:

Hand Weapons
 c - a +0 short sword (weapon)
Armour
 a - a +0 robe (worn)
Potions
 b - a potion of magic
 d - a potion of haste {unknown}
 e - a potion of curing {unknown}
 f - a potion of brilliance {unknown}
 g - a potion of might {unknown}
 h - a potion of attraction {unknown}


   Skills:
 - Level 2.4 Dodging
 - Level 2.4 Stealth
 - Level 3.0 Spellcasting
 + Level 5.1 Conjurations


You had 4 spell levels left.
You knew the following spells:

 Your Spells              Type           Power      Damage    Failure   Level
a - Magic Dart            Conj           100%       1d8       1%          1
b - Searing Ray           Conj           52%        2d6       2%          2

Your spell library contained the following spells:

 Spells                   Type           Power      Damage    Failure   Level
 Dazzling Flash           Conj/Hex       28%        N/A       13%         3
 Scorch                   Fire           6%         2d5       19%         2
 Flame Wave               Conj/Fire      14%        2d6       38%         4
 Fulminant Prism          Conj/Hex       7%         3d7       38%         4
 Iskenderun's Mystic Bla  Conj/Tloc      14%        2d5       38%         4
 Summon Cactus Giant      Summ           1%         N/A       100%        6


Dungeon Overview and Level Annotations

Branches:
Dungeon (5/15) Zot: 26949
 Temple: D:4-7

Altars:
Qazlal

Annotations:
D:3 Natasha


Message History

Aim: a scorpion (asleep, 100% to hit)
The magic dart hits the scorpion but does no damage.
You now have 7/8 mp.
Casting: Magic Dart (safe; 1% risk of failure)
Confirm with . or Enter, or press ? or * to list all spells.
Aiming: Searing Ray (safe; 2% risk of failure)
Press: ? - help, Shift-Dir - straight line, f/p - scorpion
Aim: a scorpion (79% to hit)
You miscast Searing Ray.
You are very lightly contaminated with residual magic.
Nothing appears to happen.
You now have 6/8 mp.
The scorpion stings you.
You take 4 damage, and have 11/15 hp.
MASSIVE DAMAGE!!
Casting: Searing Ray (safe; 2% risk of failure)
Confirm with . or Enter, or press ? or * to list all spells.
Aiming: Searing Ray (safe; 2% risk of failure)
Press: ? - help, Shift-Dir - straight line, f/p - scorpion
Aim: a scorpion (79% to hit)
The searing ray hits the scorpion.
The scorpion is lightly wounded.
The searing ray misses the adder. (Press . to maintain the ray.)
The scorpion barely misses you.
You now have 4/8 mp.
The searing ray hits the scorpion.
The scorpion is moderately wounded.
The searing ray misses the adder.
You hear the slow rusting of a very distant drain.
The scorpion stings you.
You are lethally poisoned!
The scorpion poisons you! The scorpion stings you.
* * * LOW HITPOINT WARNING * * *
You are more poisoned.
The scorpion poisons you!
You hear a distant slurping noise.
You take 7 damage, and have 4/15 hp.
MASSIVE DAMAGE!!
You now have 3/8 mp.
The searing ray misses the scorpion.
The searing ray hits the adder.
The adder is moderately wounded.
You die...

#......# #.#
#.# #.#
#.###########
#............
#S#######..##
#s# ## #@# .
# #.#.#.###
#####.#......
#...<.....#
#####.#######
#.....[......
#.##..#######
#.....#
#.##.####


You could see a scorpion and an adder.

Vanquished Creatures
  2 dart slugs
  2 bats
  An endoplasm (D:4)
  A hobgoblin (D:4)
  3 jackals (D:2)
  A kobold (D:4)
10 creatures vanquished.

Notes
Turn   | Place    | Note
-------+----------+-------------------------------------------
     0 | D:1      | Psyclone the Deep Elf Conjurer began the quest for the Orb.
     0 | D:1      | Reached XP level 1. HP: 10/10 MP: 6/6
    33 | D:2      | Found a stormy altar of Qazlal.
   150 | D:2      | Reached XP level 2. HP: 14/15 MP: 4/8
   248 | D:3      | Noticed Natasha
   279 | D:4      | Reached skill level 5 in Conjurations
   361 | D:4      | Learned a level 2 spell: Searing Ray
   373 | D:5      | Entered Level 5 of the Dungeon
   410 | D:5      | Noticed a scorpion
   424 | D:5      | Succumbed to a scorpion's poison

Illustrated notes

Levels and vault maps discovered:
D:1:      onia_arrival_mini_spirals, layout_loops_ring, serial_shops, shop
D:2:      layout_rooms, basic_altar, reono_crystal_passage, minmay_tetromino_l2,
          uniq_robin, uniq_jessica, uniq_crazy_yiuf_cottage
D:3:      layout_loops_ring, uniq_sigmund, uniq_natasha
D:4:      layout_rooms, ebering_ghost_sewer_d, nicolae_take_the_stairs,
          grunt_ministairs_6, ebering_dispersal_statue_hall,
          minmay_ogre_servants
D:5:      nicolae_cairo_tiling_large, layout_basic, slow_altar_2,
          minmay_temple_entry_junction_2, portal_sewer_entry_b

Skill      XL: |  1  2 |
---------------+-------+-----
Conjurations   | 5 |  5.1
Dodging        | |  2.4
Stealth        | |  2.4
Spellcasting   | |  3.0

Action                     || total
---------------------------++-------
   Cast: Magic Dart        ||    22
         Searing Ray       ||     1
 Armour: Robe              ||     2
  Dodge: Dodged            ||    11
